2334 views
Uploaded 2024-03-10 03:15:45
Game version 1.36 (6115)
8:43 long 1on1 custom game on (5)circleoffallenheroes
Game name "AlRoss"
Saved by Alex11Chr
2334 views
Uploaded 2024-03-10 03:15:45
Game version 1.36 (6115)
8:43 long 1on1 custom game on (5)circleoffallenheroes
Game name "AlRoss"

15 units @ 1.8k
/ 0.1k
13 buildings @ 1.2k
/ 0.4k

| Lesser Clarity Potion | 1 | 70 |
| Scroll of Regeneration | 1 | 100 |
| total: | 2 | 170g |
| Peasant | 8 | 600 | / | 0 |
| Footman | 4 | 540 | / | 0 |
| Rifleman | 3 | 615 | / | 90 |
| total: | 15 | 1755g | / | 90w |
| Scout Tower | 4 | 120 | / | 80 |
| Guard Tower | 1 | 70 | / | 50 |
| Arcane Tower | 1 | 70 | / | 50 |
| Altar of Kings | 1 | 180 | / | 50 |
| Farm | 3 | 240 | / | 60 |
| Barracks | 1 | 160 | / | 60 |
| Lumber Mill | 1 | 120 | / | 0 |
| Blacksmith | 1 | 140 | / | 60 |
| Arcane Vault | 2 | 260 | / | 60 |
| Keep | 1 | 320 | / | 210 |
| total: | 13 | 1220g | / | 370w |
| 0:04 | Peasant |
| 0:04 | Peasant |
| 0:07 | Altar of Kings |
| 0:11 | Farm |
| 0:22 | Barracks |
| 0:39 | Lumber Mill |
| 0:50 | Peasant |
| 0:58 | Peasant |
| 1:15 | Farm |
| 1:18 | Peasant |
| 1:37 | Peasant |
| 1:38 | Peasant |
| 1:58 | Blacksmith |
| 2:05 | Arcane Vault |
| 2:09 | Peasant |
| 2:18 | Farm |
| 2:25 | Holy Light |
| 2:32 | Footman |
| 3:35 | Rifleman |
| 3:35 | Rifleman |
| 4:14 | Arcane Vault |
| 4:45 | Keep |
| 5:00 | Footman |
| 5:09 | Scout Tower |
| 5:23 | Scout Tower |
| 5:31 | Divine Shield |
| 5:36 | Iron Plating |
| 5:42 | Scout Tower |
| 5:46 | Lesser Clarity Potion |
| 5:47 | Scroll of Regeneration |
| 5:54 | Scout Tower |
| 5:56 | Guard Tower |
| 5:58 | Arcane Tower |
| 6:18 | Rifleman |
| 6:20 | Footman |
| 6:46 | Footman |
| Right click | 566 |
| Select | 113 |
| Select group | 36 |
| Build/train/purchase | 35 |
| Assign group | 15 |
| Use ability | 7 |
17 units @ 2.2k
/ 0.2k
7 buildings @ 1.2k
/ 0.2k

| Healing Salve | 1 | 100 |
| Lesser Clarity Potion | 1 | 70 |
| total: | 2 | 170g |
| Peon | 5 | 375 | / | 0 |
| Grunt | 2 | 400 | / | 0 |
| Troll Headhunter | 10 | 1400 | / | 200 |
| total: | 17 | 2175g | / | 200w |
| Altar of Storms | 1 | 180 | / | 50 |
| Barracks | 1 | 180 | / | 50 |
| Orc Burrow | 3 | 480 | / | 120 |
| War Mill | 1 | 205 | / | 0 |
| Voodoo Lounge | 1 | 130 | / | 30 |
| Stronghold | 1 | 315 | / | 190 |
| total: | 7 | 1175g | / | 250w |
| 0:04 | Altar of Storms |
| 0:08 | Barracks |
| 0:10 | Peon |
| 0:24 | Orc Burrow |
| 0:34 | Peon |
| 0:50 | Peon |
| 1:00 | Peon |
| 1:21 | Grunt |
| 1:45 | War Mill |
| 2:06 | Grunt |
| 2:21 | Orc Burrow |
| 2:37 | Feral Spirit |
| 2:53 | Peon |
| 3:12 | Troll Headhunter |
| 3:51 | Troll Headhunter |
| 4:03 | Voodoo Lounge |
| 4:09 | Troll Headhunter |
| 4:22 | Orc Burrow |
| 4:39 | Troll Headhunter |
| 4:53 | Troll Headhunter |
| 5:11 | Chain Lighting |
| 5:16 | Healing Salve |
| 5:16 | Lesser Clarity Potion |
| 5:24 | Troll Headhunter |
| 5:29 | Stronghold |
| 5:38 | Steel Armor |
| 5:53 | Troll Headhunter |
| 6:20 | Troll Headhunter |
| 6:30 | Feral Spirit |
| 6:56 | Troll Headhunter |
| 6:58 | Steel Ranged Weapons |
| 7:22 | Troll Headhunter |
| 7:34 | Chain Lighting |
| Right click | 172 |
| Select | 130 |
| Select group | 45 |
| Chat | 37 |
| Build/train/purchase | 34 |
| Assign group | 21 |
| Use ability | 7 |
| Misc. action | 3 |
| Esc | 2 |